 Dungeon Crawl Stone Soup version 0.29-a0-275-g389c0b56f3 (webtiles) character file.

Game seed: 751186294513754354

2454 enile the Quickloader (level 9, -8/64 (65) HPs)
             Began as a Gnoll Wanderer on Mar 12, 2022.
             Was a Priest of Wu Jian.
             Mangled by a wight
             ... wielding a +3 long sword
              (10 damage)
             ... on level 7 of the Dungeon.
             The game lasted 00:13:50 (7136 turns).

enile the Quickloader (Gnoll Wanderer)              Turns: 7136, Time: 00:13:50

HP:   -8/64 (65)    AC:  5    Str: 12    XL:     9   Next: 50%
MP:   16/16         EV: 28    Int: 16    God:    Wu Jian [***...]
Gold: 434           SH:  0    Dex: 14    Spells: 17/18 levels left

rFire   . . .      SeeInvis +   n - +0 war axe (flame)
rCold   . . .      Faith    .   (no shield)
rNeg    . . .      Spirit   .   i - +0 leather armour
rPois   .          Reflect  .   w - +2 hat {Int+3}
rElec   .          Harm     .   (no cloak)
rCorr   .          Rampage  .   (no gloves)
Will    .....                   (no boots)
Stlth   +.........              h - amulet of the acrobat
HPRegen 0.20/turn               d - ring of willpower
MPRegen 0.15/turn               r - ring of see invisible

@: exhausted, silenced, weak-willed, on berserk cooldown, acrobatic, slowed,
lightly drained, very slow
A: fangs 1, strong nose, distributed training
a: Renounce Religion, Wall Jump


You were on level 7 of the Dungeon.
You worshipped Wu Jian.
Wu Jian was most pleased with you.
You visited 1 branch of the dungeon, and saw 7 of its levels.

You collected 434 gold pieces.

Inventory:

Hand Weapons
 a - a +2 hand crossbow
 c - a +1 flail of protection
 e - the +7 arbalest of Xom, Crafting {elec, Int+4}
   (You acquired it on level 3 of the Dungeon)

   Any ammunition fired from it occasionally discharges a powerful burst of
   electricity upon striking a foe.
   Int:       It affects your intelligence (+4).
 k - a +3 spectral club
 m - the +1 short sword of Chaos {antimagic, +Blink rPois rC++ Str-3}
   (You found it on level 3 of the Dungeon)

   It reduces the magical energy of the wielder, and disrupts the spells and
   magical abilities of those it strikes.
   Natural abilities and divine invocations are not affected.
   Str:       It affects your strength (-3).
   rC:        It greatly protects you from cold.
   rPois:     It protects you from poison.
   +Blink:    It lets you blink.
 n - a +0 war axe of flaming (weapon)
 s - a +0 halberd
Missiles
 y - 2 datura-tipped darts (quivered)
Armour
 b - a +0 ring mail
 i - a +0 leather armour (worn)
 w - a +2 hat of intelligence (worn)
Jewellery
 d - a ring of willpower (left hand)
 f - a ring of fire
 h - an amulet of the acrobat (around neck)
 l - an amulet of faith
 r - a ring of see invisible (right hand)
Scrolls
 g - 3 scrolls of fog
 p - 2 scrolls of amnesia
 t - 2 scrolls of blinking {unknown}
 v - a scroll of magic mapping
 x - a scroll of vulnerability
 z - a scroll of torment {unknown}
Potions
 j - a potion of brilliance


   Skills:
 + Level 4.3 Fighting
 + Level 4.3 Short Blades
 + Level 4.3 Long Blades
 + Level 4.3 Axes
 + Level 4.3 Maces & Flails
 + Level 4.3 Polearms
 + Level 4.3 Staves
 + Level 4.3 Slings
 + Level 4.3 Bows
 + Level 9.6 Crossbows
 + Level 5.1 Throwing
 + Level 6.3 Armour
 + Level 5.1 Dodging
 + Level 4.3 Stealth
 + Level 4.3 Shields
 + Level 4.3 Unarmed Combat
 + Level 5.2 Spellcasting
 + Level 3.5 Conjurations
 + Level 3.5 Hexes
 + Level 3.5 Summonings
 + Level 3.5 Necromancy
 + Level 3.5 Translocations
 + Level 3.5 Transmutations
 + Level 4.2 Fire Magic
 + Level 3.5 Ice Magic
 + Level 3.5 Air Magic
 + Level 3.5 Earth Magic
 + Level 3.5 Poison Magic
 + Level 4.7 Invocations
 + Level 4.3 Evocations


You had 17 spell levels left.
You knew the following spells:

 Your Spells              Type           Power      Damage    Failure   Level
a - Foxfire               Conj/Fire      64%        2x1d7     3%          1

Your spell library contained the following spells:

 Spells                   Type           Power      Damage    Failure   Level
 Beastly Appendage        Tmut           30%        N/A       4%          1
 Wereblood                Tmut           15%        N/A       6%          2
 Conjure Flame            Conj/Fire      16%        6-21      11%         3
 Spider Form              Tmut/Pois      15%        N/A       13%         3


Dungeon Overview and Level Annotations

Branches:
Dungeon (7/15)             Temple (0/1) D:5

Altars:
Ashenzari
Cheibriados
Uskayaw
Vehumet
Wu Jian
The Shining One

Annotations:
D:4 2 transporters, fragbeetle's ghost, amateur OgCj


Innate Abilities, Weirdness & Mutations

You have very sharp teeth.
Your uncanny sense of smell can sniff out nearby items.
Your experience applies equally to all skills.


Message History

You hit the wight. You burn the wight. The wight hits you but does no damage.
The wight hits you with a +1 scimitar.
* * * LOW HITPOINT WARNING * * *
You hit the wight. You burn the wight.
The wight is almost destroyed.
You hit the wight. You burn the wight.
You destroy the wight!
The Council accepts your kill. The wight hits you but does no damage.
You slash the wight! You burn the wight.
You destroy the wight!
The Council accepts your kill.
You closely miss the wight. You closely miss the wight.
You barely miss the wight.
You feel less wooden.
Your +2 hat of intelligence unmelds from your body.
Your +0 leather armour unmelds from your body.
You feel clever.
You are no longer berserk.
You are exhausted.
You feel yourself slow down. The wight misses you.
Your muscles tense, ready for explosive movement...
You spin and attack the wight, with incredible momentum.
You hit the wight. You burn the wight. Your bite misses the wight.
The wight is heavily damaged.
Your supernatural speed expires.
Okay, then.
Okay, then.
As you read the scroll labelled TUATAUTTENK, it crumbles to dust.
A profound silence engulfs you.
It was a scroll of silence.
The wight completely misses you. The wight attacks as you move away!
The wight closely misses you. The wight attacks as you move away!
The wight completely misses you. The wight barely misses you.
The wight completely misses you. The wight attacks as you move away!
The wight completely misses you. The wight attacks as you move away!
The wight completely misses you. The wight attacks as you move away!
The wight hits you with a +3 long sword!
You die...

,........#*,***,* #.#
*#..#....##,,,,,* #.#
,.........###########
######.#
,..>................#
#......#
,.........#.........#
#.######
,...................# #.#
,.........#.........######.#
,.........#)...z....##.....#
,.........)....z@...##.#####
,.........########.###.#
,.........# #####.#
#.######### ,.........#
#.....# #.........#
,.........# #.#####
#########.# *########## #.#
#.# #.# #.# #.# #.# #.# #.#


You could see 2 wights.

Vanquished Creatures
  Pikel (D:6)
  Menkaure (D:6)
  An ice beast (D:5)
  2 sky beasts
  3 ogres
  A black bear (D:3)
  2 lemures
  A kobold brigand (D:3)
  6 scorpions
  3 wights (D:7)
  A jelly (D:6)
  2 hounds
  A gnoll shaman (D:5)
  Jessica (D:2)
  An iguana (D:3)
  31 gnolls
  7 adders
  A white imp (D:5)
  2 ufetubi
  A worm (D:2)
  2 dart slugs (D:2)
  31 orcs
  5 bats
  6 endoplasms
  4 giant cockroaches
  4 goblins
  A hobgoblin (D:4)
  19 jackals
  8 kobolds
  5 quokkas
  3 ball pythons
  2 frilled lizards
  2 rats (D:1)
161 creatures vanquished.

Vanquished Creatures (collateral kills)
  2 lemures (D:6)
  A ball python (D:3)
3 creatures vanquished.

Vanquished Creatures (others)
  2 foxfires (D:3)
  A plant (D:3)
3 creatures vanquished.

Grand Total: 167 creatures vanquished

Notes
Turn   | Place    | Note
-------+----------+-------------------------------------------
     0 | D:1      | enile the Gnoll Wanderer began the quest for the Orb.
     0 | D:1      | enile set off with the following items: a +2 hand crossbow,
                  | a +0 ring mail, a potion of berserk rage; and the following
                  | spell memorised: Foxfire; and the following spells
                  | available to memorise: Conjure Flame
     0 | D:1      | Reached XP level 1. HP: 13/13 MP: 4/4
   121 | D:1      | Found a faded altar of an unknown god.
   129 | D:1      | Prayed at the altar of an unknown god.
   129 | D:1      | Became a worshipper of the Wu Jian Council
   129 | D:1      | Reached * piety under Wu Jian
   160 | D:1      | Reached XP level 2. HP: 19/19 MP: 5/5
   746 | D:2      | Reached XP level 3. HP: 25/25 MP: 7/7
   747 | D:2      | Noticed Jessica
   750 | D:2      | Killed Jessica
   751 | D:2      | Reached skill level 1 in Fighting
   751 | D:2      | Reached skill level 1 in Short Blades
   751 | D:2      | Reached skill level 1 in Long Blades
   751 | D:2      | Reached skill level 1 in Axes
   751 | D:2      | Reached skill level 1 in Maces & Flails
   751 | D:2      | Reached skill level 1 in Polearms
   751 | D:2      | Reached skill level 1 in Staves
   751 | D:2      | Reached skill level 1 in Slings
   751 | D:2      | Reached skill level 1 in Bows
   751 | D:2      | Reached skill level 1 in Stealth
   751 | D:2      | Reached skill level 1 in Shields
   751 | D:2      | Reached skill level 1 in Unarmed Combat
   751 | D:2      | Reached skill level 1 in Invocations
   751 | D:2      | Reached skill level 1 in Evocations
  1081 | D:2      | Reached XP level 4. HP: 28/32 MP: 8/8
  1180 | D:2      | Reached ** piety under Wu Jian
  1598 | D:3      | Noticed a scorpion
  1604 | D:3      | Killed a scorpion
  1605 | D:3      | Reached skill level 1 in Conjurations
  1605 | D:3      | Reached skill level 1 in Hexes
  1605 | D:3      | Reached skill level 1 in Summonings
  1605 | D:3      | Reached skill level 1 in Necromancy
  1605 | D:3      | Reached skill level 1 in Translocations
  1605 | D:3      | Reached skill level 1 in Transmutations
  1605 | D:3      | Reached skill level 1 in Ice Magic
  1605 | D:3      | Reached skill level 1 in Air Magic
  1605 | D:3      | Reached skill level 1 in Earth Magic
  1605 | D:3      | Reached skill level 1 in Poison Magic
  1605 | D:3      | Reached XP level 5. HP: 29/37 MP: 9/9
  1740 | D:3      | Found a glowing golden altar of the Shining One.
  2265 | D:3      | Reached XP level 6. HP: 39/44 MP: 6/10
  2692 | D:4      | Noticed a black bear
  2716 | D:3      | Killed a black bear
  2717 | D:3      | Reached skill level 5 in Armour
  2892 | D:3      | Found a radiant altar of Vehumet.
  3016 | D:3      | Identified a scroll of acquirement
  3016 | D:3      | Acquired the +7 arbalest of Xom, Crafting {elec, Int+4}
  3034 | D:3      | Found a snail-covered altar of Cheibriados.
  3104 | D:3      | Reached *** piety under Wu Jian
  3358 | D:3      | Reached XP level 7. HP: 45/50 MP: 12/12
  3972 | D:3      | Identified the +1 short sword of Chaos {antimagic, +Blink
                  | rPois rC++ Str-3}
  4115 | D:3      | Reached skill level 9 in Crossbows
  4685 | D:4      | Reached XP level 8. HP: 57/57 MP: 14/14
  4695 | D:4      | Found a transporter.
  4698 | D:4      | Noticed fragbeetle's ghost (amateur OgCj)
  4702 | D:4      | Found a transporter.
  4801 | D:4      | Found a hide-covered altar of Uskayaw.
  4834 | D:4      | Found a broken altar of Ashenzari.
  5164 | D:5      | Entered Level 5 of the Dungeon
  5180 | D:5      | Reached **** piety under Wu Jian
  5389 | D:5      | Found a staircase to the Ecumenical Temple.
  5853 | D:6      | Noticed Pikel
  6099 | D:6      | Noticed Menkaure
  6101 | D:6      | Killed Menkaure
  6118 | D:6      | Reached XP level 9. HP: 65/65 MP: 16/16
  6595 | D:6      | Killed Pikel
  6596 | D:6      | Reached skill level 5 in Throwing
  6596 | D:6      | Reached skill level 5 in Dodging
  6596 | D:6      | Reached skill level 5 in Spellcasting
  7126 | D:7      | HP: 2/136 [wight/+1 long sword (5)]
  7136 | D:7      | Mangled by a wight

Illustrated notes

Levels and vault maps discovered:
D:1:      wheals_arrival_shading, layout_loops_ring,
          shapermc_ecumenical_altar_pompeii
D:2:      layout_loops_ring, uniq_jessica
D:3:      lemuel_castle_with_subvaults [lemuel_castle_interior_carwin_1],
          layout_loops_corners, lemuel_crystal_altar,
          mainiacjoe_overflow_tiny_flanked, cheibriados_altar_1
D:4:      layout_basic, nicolae_uskayaw_suspiria, kennysheep_little_box,
          gammafunk_ghost_mausoleum
D:5:      layout_rooms, minmay_temple_entry_ruins, hangedman_decor_lopped,
          kennysheep_cross_room
D:6:      layout_gridville, uniq_pikel, uniq_menkaure
D:7:      layout_basic, st_stairs_9, grunt_livestock

Skill      XL: |  1  2  3  4  5  6  7  8  9 |
---------------+----------------------------+-----
Fire Magic     | 2 3 4 |  4.2
Fighting       | 1 2 3 4 |  4.3
Short Blades   | 1 2 3 4 |  4.3
Long Blades    | 1 2 3 4 |  4.3
Axes           | 1 2 3 4 |  4.3
Maces & Flails | 1 2 3 4 |  4.3
Polearms       | 1 2 3 4 |  4.3
Staves         | 1 2 3 4 |  4.3
Slings         | 1 2 3 4 |  4.3
Bows           | 1 2 3 4 |  4.3
Stealth        | 1 2 3 4 |  4.3
Shields        | 1 2 3 4 |  4.3
Unarmed Combat | 1 2 3 4 |  4.3
Invocations    | 1 2 3 4 |  4.7
Evocations     | 1 2 3 4 |  4.3
Spellcasting   | 3 4 5 |  5.2
Conjurations   | 1 2 3 |  3.5
Hexes          | 1 2 3 |  3.5
Summonings     | 1 2 3 |  3.5
Necromancy     | 1 2 3 |  3.5
Translocations | 1 2 3 |  3.5
Transmutations | 1 2 3 |  3.5
Ice Magic      | 1 2 3 |  3.5
Air Magic      | 1 2 3 |  3.5
Earth Magic    | 1 2 3 |  3.5
Poison Magic   | 1 2 3 |  3.5
Throwing       | 3 4 5 |  5.1
Dodging        | 3 4 5 |  5.1
Armour         | 5 6 |  6.3
Crossbows      | 9 |  9.6

Action                   |  1- 3 |  4- 6 |  7- 9 || total
-------------------------+-------+-------+-------++-------
Melee: Club              |       |    32 |       ||    32
       Flail             |       |    97 |    13 ||   110
       Bite              |       |    13 |     4 ||    17
       Punch             |       |     1 |       ||     1
       Short sword       |       |       |    22 ||    22
       War axe           |       |       |    19 ||    19
 Fire: Hand crossbow     |    67 |    31 |       ||    98
       Arbalest          |       |    28 |   169 ||   197
Throw: Dart              |       |       |     4 ||     4
 Cast: Foxfire           |       |     1 |       ||     1
Invok: Lunge             |       |     4 |       ||     4
       Whirlwind         |       |     9 |     4 ||    13
       Serpent's Lash    |       |     1 |     2 ||     3
 Abil: Wall Jump         |       |     2 |       ||     2
       Evoke Blink       |       |       |     1 ||     1
  Use: Potion            |       |     3 |     4 ||     7
       Scroll            |       |     5 |     8 ||    13
Armor: Ring mail         |     5 |   106 |    28 ||   139
       Leather armour    |       |       |     2 ||     2
       Skin              |       |       |     7 ||     7
Dodge: Dodged            |     3 |   193 |    74 ||   270

Table legend: (Time is in decaauts)
 A = Elapsed time spent in this place.
 B = Non-inter-level travel time spent in this place.
 C = Inter-level travel time spent in this place.
 D = Time resting spent in this place.
 E = Time spent auto-exploring this place.
 F = Levels seen in this place.
 G = Mean time per level.
                   A        B        C        D        E       F      G
               +--------+--------+--------+--------+--------+-----+--------+
         Total |   7296 |   7042 |    254 |    385 |   5486 |   7 | 1042.3 |
       Dungeon |   7296 |   7042 |    254 |    385 |   5486 |   7 | 1042.3 |
               +--------+--------+--------+--------+--------+-----+--------+

Top non-repeatable levels by time:
     D:3: 2919 daAuts
     D:5: 928 daAuts
     D:6: 914 daAuts
     D:2: 860 daAuts
     D:4: 769 daAuts
     D:1: 746 daAuts
     D:7: 158 daAuts
